 Dungeon Crawl Stone Soup version 0.31-a0-816-gd61d57ddb1 (webtiles) character file.

Game seed: 5317449423260583751

51 Essalna the Digger (level 3, 24/24 HPs)
             Began as a Demonspawn Earth Elementalist on Sept 22, 2023.
             Got out of the dungeon alive.
             The game lasted 00:01:45 (1338 turns).

Essalna the Digger (Demonspawn Earth Elementalist)  Turns: 1338, Time: 00:01:46

Health: 24/24      AC:  2    Str:  8    XL:     3   Next: 57%
Magic:  7/7        EV: 12    Int: 18    God:
Gold:   57         SH:  4    Dex: 13    Spells: 6/8 levels left

rFire   . . .        i - +0 dagger
rCold   . . .        (no shield)
rNeg    . . .        a - +0 robe
rPois   .            (no helmet)
rElec   .            (no cloak)
rCorr   .            (no gloves)
SInv    .            (no boots)
Will    .....        (no amulet)
Stlth   ++           (no ring)
HPRegen 0.24/turn    (no ring)
MPRegen 0.20/turn

%: no passive effects
@: no status effects
A: magic regeneration, condensation shield
a: no special abilities


You escaped.
You visited 1 branch of the dungeon, and saw 2 of its levels.

You collected 57 gold pieces.

Inventory:

Hand Weapons
 i - a +0 dagger (weapon)
Armour
 a - a +0 robe (worn)
Scrolls
 c - a scroll of identify {unknown}
 e - a scroll of fear {unknown}
 f - a scroll of noise {unknown}
 h - a scroll of blinking {unknown}
Potions
 b - a potion of magic
 d - a potion of brilliance {unknown}
 g - a potion of lignification {unknown}
 j - a potion of might {unknown}


   Skills:
 - Level 1.7 Dodging
 - Level 1.7 Stealth
 + Level 3.0 Spellcasting
 - Level 0.8 Transmutations
 + Level 3.5 Earth Magic


You had 6 spell levels left.
You knew the following spells:

 Your Spells              Type           Power      Damage    Failure   Level
a - Sandblast             Erth           30%        2d9       3%          1
b - Apportation           Tloc           4%         N/A       16%         1

Your spell library contained the following spells:

 Spells                   Type           Power      Damage    Failure   Level
 Passwall                 Tmut/Erth      8%         N/A       10%         2
 Jinxbite                 Hex            4%         N/A       24%         2
 Stone Arrow              Conj/Erth      18%        3d8       24%         3
 Petrify                  Tmut/Erth      10%        N/A       54%         4
 Brom's Barrelling Bould  Conj/Erth      9%         2d3       61%         4
 Alistair's Intoxication  Tmut/Pois      2%         N/A       98%         5


Dungeon Overview and Level Annotations

Branches:
Dungeon (2/15)

Altars:

Shops:
D:1 (!


Innate Abilities, Weirdness & Mutations

You regenerate magic rapidly.
A meltable shield of frost defends you. (SH +4)


Message History

The adder hisses angrily.
The ball python hisses angrily.
The blast of sand hits the adder!
The adder is almost dead.
The blast of sand misses the adder.
The adder misses you. You block the ball python's attack.
The ball python completely misses you. The adder bites you.
The ball python closely misses you. You block the ball python's attack.
The blast of sand hits the adder!
You kill the adder!
The ball python closely misses you. The ball python grabs you.
The ball python constricts you. You block the ball python's attack.
The ball python constricts you.
Your Spellcasting skill increases to level 3!
The blast of sand hits the ball python!
You kill the ball python!
You can't see any susceptible monsters within range! (Use Z to cast anyway.)
You can't see any susceptible monsters within range! (Use Z to cast anyway.)
You start memorising the spell.
You continue memorising.
You finish memorising.
Spell assigned to 'b'.
Casting: Sandblast (safe; 3% risk of failure)
Confirm with . or Enter, or press ? or * to list all spells.
Aiming: Apportation (safe; 16% risk of failure)
Press: ? - help, Dir - move target Apport: a silvery potion There's something in the way.
Casting: Apportation (safe; 16% risk of failure)
Confirm with . or Enter, or press ? or * to list all spells.
Aiming: Apportation (safe; 16% risk of failure)
Press: ? - help, Dir - move target Apport: a silvery potion There's something in the way.
You aren't carrying any items that you can evoke.
You see here a ball python corpse.
HP restored.
There is a stone staircase leading up here.
You climb upwards.
There is a stone staircase leading down here.
There is an open gate here.
There is a staircase leading out of the dungeon here.
You have escaped!

#.# #..#.####.....####..##
#.# #.......#...####......
#.# #..#.####.####....##..
#.# #................####.
#.########
##.#......#.##.#..####
#......).#
#...............#..##.
########.#
#.##'''##.#.######....
#.###.#.....#.#.#########.
#.....#..@..#.#.#.....# #.
#.###.#.....#.#.#.....# #.
#.# #.#.....#.#.#.....# #.
#.# #.##+++##...#.....# #.
#.# #...........#.....###.
#.# #######.............#.
#.# ##.##.#######.#.
#.##########.##+#######.#.
#.......................#.


There were no monsters in sight!

Vanquished Creatures
  2 adders (D:2)
  2 dart slugs (D:1)
  3 ball pythons
  3 bats (D:1)
  2 giant cockroaches
  2 goblins (D:1)
  4 hobgoblins
  A quokka (D:1)
  5 kobolds
  A rat (D:1)
25 creatures vanquished.

Notes
Turn   | Place    | Note
-------+----------+-------------------------------------------
     0 | D:1      | Essalna the Demonspawn Earth Elementalist began the quest
                  | for the Orb.
     0 | D:1      | Reached XP level 1. HP: 13/13 MP: 3/3
    80 | D:1      | Found Iskoz's Antique Weapon Shop.
   305 | D:1      | Gained mutation: A meltable shield of frost defends you.
                  | (SH +4) [demonic ancestry]
   305 | D:1      | Reached XP level 2. HP: 19/19 MP: 0/5
   438 | D:1      | Found Vavann's Distillery.
  1164 | D:2      | Gained mutation: You regenerate magic rapidly. [demonic
                  | ancestry]
  1164 | D:2      | Reached XP level 3. HP: 24/24 MP: 4/7
  1303 | D:2      | Learned a level 1 spell: Apportation
  1338 | D:$      | Got out of the dungeon alive.

Illustrated notes

Levels and vault maps discovered:
D:1:      dpeg_arrival_windows_large_door, layout_basic, serial_shops,
          nicolae_shop_rolling_square, nicolae_shop_window_shopping,
          minmay_misc_feat_x
D:2:      layout_basic, st_stairs_5, kennysheep_donut, dk_noncrumbling_4,
          minmay_statues_item, nicolae_underground_beach

Skill      XL: |  1  2  3 |
---------------+----------+-----
Earth Magic    | 3 |  3.5
Spellcasting   | 3 |  3.0
Dodging        | |  1.7
Stealth        | |  1.7
Transmutations | |  0.8

Action                     || total
---------------------------++-------
  Melee: Unarmed           ||    10
         Dagger            ||     6
   Cast: Sandblast         ||    31
 Armour: Robe              ||    13
  Dodge: Dodged            ||    17
  Block: Other             ||     4

Table legend: (Time is in decaauts)
 A = Elapsed time spent in this place.
 B = Non-inter-level travel time spent in this place.
 C = Inter-level travel time spent in this place.
 D = Time resting spent in this place.
 E = Time spent auto-exploring this place.
 F = Levels seen in this place.
 G = Mean time per level.
                   A        B        C        D        E       F      G
               +--------+--------+--------+--------+--------+-----+--------+
         Total |   1353 |   1269 |     84 |      0 |   1122 |   2 |  676.5 |
       Dungeon |   1353 |   1269 |     84 |      0 |   1122 |   2 |  676.5 |
               +--------+--------+--------+--------+--------+-----+--------+

Top non-repeatable levels by time:
     D:1: 1125 daAuts
     D:2: 228 daAuts
